 Dungeon Crawl Stone Soup version 0.25-a0-651-g8c222c7a2b (webtiles) character file.

Game seed: 2475167315480249266, levelgen mode: deterministic

93 An17 the Chiller (level 4, -3/33 HPs)
             Began as a Demigod Ice Elementalist on Mar 22, 2020.
             Killed from afar by a worm (22 damage)
             ... with an exploding inner flame
             ... hexed by the player character
             ... on level 2 of the Dungeon.
             The game lasted 00:04:45 (1007 turns).

An17 the Chiller (Demigod Ice Elementalist)         Turns: 1007, Time: 00:04:47

Health: -3/33      AC:  3    Str: 11    XL:     4   Next: 15%
Magic:  9/10       EV: 13    Int: 21    God:
Gold:   78         SH:  0    Dex: 16    Spells: 3/7 levels left

rFire    . . .     SeeInvis .   d - +2 short sword (venom)
rCold    . . .     Gourm    .   (no shield)
rNeg     . . .     Faith    .   a - +1 robe
rPois    .         Spirit   .   (no helmet)
rElec    .         Reflect  .   (no cloak)
rCorr    .         Harm     .   (no gloves)
MR       .....                  (no boots)
Stlth    ++........             (no amulet)
HPRegen  0.11/turn              (no ring)
MPRegen  0.12/turn              (no ring)

@: no status effects
A: high mp 1
a: no special abilities


You were on level 2 of the Dungeon.
You were hungry.

You visited 1 branch of the dungeon, and saw 2 of its levels.

You collected 78 gold pieces.

Inventory:

Hand Weapons
 d - a +2 short sword of venom (weapon)
Missiles
 h - 2 throwing nets (quivered)
Armour
 a - a +1 robe (worn)
Scrolls
 g - a scroll of identify
Potions
 b - 2 potions of curing
 e - a potion of brilliance {unknown}
 f - a potion of stabbing {unknown}
Comestibles
 c - 4 rations


   Skills:
 + Level 2.4 Dodging
 + Level 1.9 Stealth
 + Level 2.4 Spellcasting
 + Level 4.6 Ice Magic


You had 3 spell levels left.
You knew the following spells:

 Your Spells              Type           Power        Failure   Level  Hunger
a - Freeze                Ice            ###.         2%          1    None
b - Frozen Ramparts       Ice            ###...       6%          3    ###....

Your spell library contained the following spells:

 Spells                   Type           Power        Failure   Level  Hunger
 Ozocubu's Armour         Chrm/Ice       ##......     16%         3    ###....
 Hailstorm                Conj/Ice       ##......     47%         4    ####...
 Summon Ice Beast         Ice/Summ       ##......     47%         4    ####...


Dungeon Overview and Level Annotations

Branches:
Dungeon (2/15)


Innate Abilities, Weirdness & Mutations

You have an increased reservoir of magic. (+10% MP)


Message History

Found 13 gold pieces and a scroll labeled TUASIE NUOGRYRCH.
You see here 2 throwing nets.
h - 2 throwing nets A worm comes into view.
Found a scroll of random uselessness.
You see here 13 gold pieces.
You now have 78 gold pieces (gained 13).
You see here a scroll labeled TUASIE NUOGRYRCH.
As you read the scroll labeled TUASIE NUOGRYRCH, it crumbles to dust.
The creatures around you are filled with an inner flame!
It was a scroll of immolation.
You hit the worm.
Flame seeps out of the worm.
The worm is lightly wounded.
You hit the worm.
Flame seeps out of the worm.
The worm is poisoned.
The worm is moderately wounded.
Flame seeps out of the worm.
The worm is engulfed in blazing flames.
The worm explodes!
The fiery explosion engulfs you!!
Ouch! That really hurt!
You die...

#................##
#...............#
#...............#
##..............#
#..............# +..............#
#...§.§........# #...§°§........#
#...@########### #....# #####
#....################ #...#
#....##.............. ..#.#
#....##.............. ###.##
#....##........####.#
..#..########....##......†.##....
.......#.........##........#..)..
...........................#.....


There were no monsters in sight!

Vanquished Creatures
  6 adders (D:2)
  2 worms (D:2)
  A dart slug (D:1)
  A leopard gecko (D:1)
  2 ball pythons
  A giant cockroach (D:2)
  4 goblins
  4 hobgoblins
  2 quokkas (D:2)
  A bat (D:1)
  3 frilled lizards (D:1)
  4 kobolds
  3 rats
34 creatures vanquished.

Notes
Turn   | Place    | Note
-------+----------+-------------------------------------------
     0 | D:1      | An17 the Demigod Ice Elementalist began the quest for the
                  | Orb.
     0 | D:1      | Reached XP level 1. HP: 14/14 MP: 5/5
   121 | D:1      | Reached skill level 4 in Ice Magic
   121 | D:1      | Reached XP level 2. HP: 9/20 MP: 0/7
   725 | D:2      | Reached XP level 3. HP: 26/26 MP: 2/8
   730 | D:2      | Learned a level 3 spell: Frozen Ramparts
   898 | D:2      | Found a basalt altar of Yredelemnul.
   947 | D:2      | Reached XP level 4. HP: 33/33 MP: 7/10
  1007 | D:2      | Killed from afar by a worm

Levels and vault maps discovered:
D:1:      eino_arrival_cavern_b, layout_basic
D:2:      minmay_skewed_foursquare, layout_basic, old_standard_altar,
          elyvilon_altar_5

Skill      XL: |  1  2  3 |
---------------+----------+-----
Ice Magic      | 4 |  4.6
Spellcasting   | 2 |  2.4
Dodging        | 2 |  2.4
Stealth        | |  1.9

Action                   |  1- 3 |  4- 6 || total
-------------------------+-------+-------++-------
Melee: Unarmed           |     2 |       ||     2
       Short sword       |    17 |     2 ||    19
 Cast: Freeze            |    36 |     6 ||    42
       Frozen Ramparts   |     2 |       ||     2
  Use: Scroll            |     7 |     1 ||     8
Armor: Robe              |     8 |       ||     8
Dodge: Dodged            |    24 |       ||    24

Table legend:
 A = Non-vault XP
 B = Vault XP
 C = Vault XP percentage of total XP
 D = Non-vault monster count
 E = Vault monster count
 F = Vault count percentage of total count
                 A         B        C        D         E       F
            +---------+---------+-------+---------+---------+-------
      Total |     134 |       0 |   0.0 |      34 |       0 |   0.0
            +---------+---------+-------+---------+---------+-------
        D:1 |      27 |       0 |   0.0 |      16 |       0 |   0.0
        D:2 |     107 |       0 |   0.0 |      18 |       0 |   0.0
            +---------+---------+-------+---------+---------+-------
